Map: Bridgehead LE (Void)

Players

wabbajack

  • Race: Zerg Zerg
  • League: Gold

Bellerophon - Winner!

  • Race: Zerg Zerg
  • League: Gold

VOD

Have the link to the VOD?

Description

Time

  • Played on: July 17, 2015, 6:18 p.m.
  • Length: 6:23
Show
View Real Time Build Order
Export as new Build Order

wabbajack Zerg 

Build Orders: Hatch First 

Get SALT Encoding   

  12  0:01  Drone  
  13  0:13  Overlord  
  13  0:18  Drone  
  14  0:25  Drone, Extractor  
  15  0:32  Drone  
  16  0:35  Drone  
  17  0:56  Hatchery  
  16  0:59  Drone  
  16  1:02  Extractor  
  16  1:03  Drone  
  17  1:08  Drone  
  18  1:20  Drone  
  19  1:31  Overlord  
  19  1:38  Spawning Pool  
  18  1:41  Drone  
  19  1:51  Drone  
  20  2:03  Drone  
  21  2:15  Drone x2  
  23  2:21  Drone  
  24  2:25  Queen  
  24  2:26  Queen  
  28  2:32  Spine Crawler  
  28  2:33  Drone  
  28  2:37  Drone x2  
  30  2:45  Drone x2  
  30  2:46  Roach Warren  
  30  2:50  Metabolic Boost  
  31  2:53  Drone  
  31  2:55  Overlord  
  32  3:01  Overlord  
  32  3:22  Zergling x2  
  33  3:31  Spine Crawler  
  32  3:38  Roach x6  
  44  3:49  Roach x4  
  52  4:01  Overlord x2  
  52  4:18  Overlord  
  52  4:19  Overlord  
  52  4:21  Roach  
  52  4:22  Roach x3  
  60  4:30  Overlord  
  60  4:31  Zergling x8  
  63  5:01  Zergling x10  
  63  5:02  Zergling x12  
  74  5:08  Lair  
  74  5:12  Evolution Chamber  
  73  5:27  Zergling x2  
  73  5:28  Zergling x12  
  68  5:47  Zergling x14  
Show
View Real Time Build Order
Export as new Build Order

Bellerophon Zerg - Winner!

Build Orders: Hatch First 

Get SALT Encoding   

  12  0:01  Drone  
  13  0:10  Drone  
  14  0:17  Overlord  
  14  0:36  Drone  
  15  0:48  Hatchery  
  14  0:50  Drone  
  14  0:52  Drone  
  14  0:56  Drone  
  17  1:02  Drone  
  18  1:16  Spawning Pool  
  18  1:17  Drone  
  18  1:23  Drone  
  19  1:34  Drone  
  20  1:44  Overlord  
  20  1:45  Extractor  
  19  2:05  Spine Crawler  
  19  2:06  Drone x2  
  19  2:07  Drone, Queen  
  23  2:18  Queen  
  23  2:19  Drone  
  23  2:20  Roach Warren  
  25  2:31  Drone  
  25  2:32  Drone x2, Extractor  
  27  2:37  Zergling x2  
  28  2:56  Drone x2  
  28  2:57  Drone x2  
  28  2:58  Lair  
  32  3:05  Overlord  
  32  3:08  Roach  
  32  3:11  Drone  
  37  3:27  Roach x4  
  37  3:29  Drone  
  44  3:37  Overlord  
  43  4:01  Roach x2  
  43  4:02  Roach  
  49  4:03  Glial Reconstitution  
  49  4:12  Evolution Chamber  
  48  4:20  Drone x4  
  48  4:21  Overlord  
  52  4:44  Roach  
  52  4:45  Roach x3  
  60  4:55  Overlord x2  
  60  5:03  Evolution Chamber  
  60  5:06  Overlord  
  59  5:14  Roach  
  59  5:15  Roach x4  
  69  5:24  Roach  
  69  5:25  Roach x6  
  79  5:46  Roach  
  79  5:47  Roach x3  
  63  5:58  Roach x3  
  63  5:59  Roach  
  73  6:05  Drone  
  73  6:06  Drone x4  
  73  6:08  Extractor  
  73  6:10  Extractor  
Tags
 
Add a new tag
Caveats
  • Supply blocks, unpowered buildings, or Contaminate may cause inaccurate times.
  • Supply counts are checked every 10 seconds.